Cogmind - Beta 10.2 @@@ ROGUE MODE // 2021.04.06 @ 19:32:54 Player: haldagan Result: Destroyed by G-34 Mercenary with Small Laser Performance ------------- Evolutions (0) 0 Regions Visited (1) 200 Robots Destroyed (11) 55 Value Destroyed (313) 313 Prototype IDs (2) 40 Alien Tech Used (0) 0 Bonus (0) 0 TOTAL SCORE: 608 Bonus ------- None Cogmind --------- Core Integrity 0/250 Matter 300/300 Energy 100/100 System Corruption 0% Temperature Cool (12) Movement Core (1100) Ox21 Location -10/Materials Parts ------- > --- POWER (1) -------- (None) > --- PROPULSION (2) --- (None) > --- UTILITY (2) ------ High-capacity Storage Unit High-capacity Storage Unit > --- WEAPON (2) ------- (None) > --- INVENTORY (20) --- Ion Engine Ion Engine Aluminum Leg Aluminum Leg Improved Heat Sink Large Storage Unit Large Storage Unit Structural Scanner Structural Scanner Visual Processing Unit Targeting Computer Light Armor Plating Light Armor Plating Light Armor Plating Peak State ------------ > --- POWER ------------ Light Nuclear Core > --- PROPULSION ------- Light Treads Light Treads > --- UTILITY ---------- High-capacity Storage Unit Light Armor Plating > --- WEAPON ----------- Medium Laser Datajack > --- INVENTORY -------- Ion Engine Aluminum Leg Aluminum Leg Improved Heat Sink High-capacity Storage Unit Structural Scanner Structural Scanner Visual Processing Unit Targeting Computer Light Armor Plating Light Armor Plating [Rating: 10] Favorites ----------- Power Light Nuclear Core Engine Ion Engine Power Core Light Nuclear Core Propulsion Light Treads Treads Light Treads Utility High-capacity Storage Unit Device Structural Scanner Storage High-capacity Storage Unit Protection Light Armor Plating Weapon Medium Laser Energy Gun Medium Laser Ballistic Gun Light Assault Rifle Special Melee Weapon Datajack Build | -11 -10 ------- Run | Scr Mat Slots Evolved . | . . Power . | . . Propulsion . | . . Utility . | . . Weapon . | . . Parts Attached 19 | 6 13 Power 3 | 1 2 Engine 2 | 1 1 Core 1 | . 1 Reactor . | . . Propulsion 3 | 2 1 Treads 3 | 2 1 Leg . | . . Wheel . | . . Hover . | . . Flight . | . . Utility 6 | 1 5 Device 2 | . 2 Storage 3 | 1 2 Processor . | . . Hackware . | . . Protection 1 | . 1 Artifact . | . . Weapon 7 | 2 5 Energy Gun 5 | 1 4 Energy Cannon . | . . Ballistic Gun 1 | 1 . Ballistic Cannon . | . . Launcher . | . . Special Weapon . | . . Impact Weapon . | . . Slashing Weapon . | . . Piercing Weapon . | . . Special Melee Weapon 1 | . 1 Unidentified Prototypes . | . . Parts Lost 11 | . 11 Power 2 | . 2 Propulsion 3 | . 3 Utility . | . . Weapon 6 | . 6 Highest Loss Streak 5 | . 5 Average Slot Usage (%) 92 | . 92 Engine 2 | . 2 Core 11 | . 11 Treads 27 | . 27 Device 1 | . 1 Storage 20 | . 20 Protection 5 | . 5 Energy Gun 12 | . 12 Ballistic Gun 2 | . 2 Special Melee Weapon 7 | . 7 Naked Turns . | . . Heaviest Build 72 | 12 72 Greatest Support 40 | 40 40 Greatest Overweight (x) 3 | 1 3 Average Overweight (x) . | . . Largest Inventory Capacity 20 | 6 20 Average Capacity 14 | 5 14 Most Carried 14 | 4 14 Average Carried 10 | 2 11 Final Capacity 20 | 6 20 Final Carried 14 | 4 14 Class Distribution -------------------- 59% | Mutant 40% | Hauler-Mutant Dominant Class ---------------- Mutant | -10/Materials Resources | -11 -10 ----------- Run | Scr Mat Matter Collected 375 | 260 115 Remotely . | . . Salvage Created 355 | . 355 Parts 23 | . 23 Haulers Intercepted . | . . Recyclers Shooed . | . . Parts Field Recycled . | . . Retrieved Matter . | . . Parts Self-Destructed . | . . Prevented . | . . Kills | -11 -10 ------- Run | Scr Mat Combat Hostiles Destroyed 9 | . 9 Guns 9 | . 9 Classes Destroyed 3 | . 3 Watcher 2 | . 2 Swarmer 2 | . 2 Grunt 7 | . 7 Best Kill Streak 4 | . 4 Combat Bots Only 3 | . 3 Max Kills in Single Turn 1 | . 1 Gunslinging . | . . Exploded . | . . Melee . | . . Uniques/NPCs Destroyed . | . . Combat | -11 -10 -------- Run | Scr Mat Damage Taken 1145 | . 1145 Core 256 | . 256 Absorbed by Shields . | . . Core Remaining (%) 100 | 100 . Volleys Fired 64 | . 64 Largest 2 | . 2 Hottest 90 | . 90 Shots Fired 74 | . 74 Gun 74 | . 74 Cannon . | . . Launcher . | . . Special . | . . Kinetic 20 | . 20 Thermal 44 | . 44 Explosive . | . . Electromagnetic 10 | . 10 Robot Hit Streak 16 | . 16 Robot Miss Streak 5 | . 5 Penetration Max . | . . Secondary Targets . | . . Shots Hit Robots 53 | . 53 Core Hits 21 | . 21 Critical Hits . | . . Critical Kills . | . . Critical Parts Destroyed . | . . Melee Attacks 10 | . 10 Impact . | . . Slashing . | . . Piercing . | . . Sneak Attacks 4 | . 4 Combat Hostiles . | . . Follow-up Attacks . | . . Damage Inflicted 611 | . 611 Guns 563 | . 563 Cannons . | . . Explosions 33 | . 33 Melee . | . . Ramming 15 | . 15 Kinetic 79 | . 79 Thermal 397 | . 397 Explosive . | . . Electromagnetic 120 | . 120 Impact . | . . Slashing . | . . Piercing . | . . Highest Corruption . | . . Average Corruption . | . . Corruption Purged . | . . Overload Shots . | . . Overflow Damage 3 | . 3 Projectiles . | . . Explosions 3 | . 3 Melee . | . . Knockbacks . | . . Impact . | . . Kinetic . | . . Secondary . | . . Self-Inflicted Damage . | . . Shots . | . . Rammed 4 | . 4 Targets Rammed 4 | . 4 Kicked . | . . Crushed . | . . Highest Temperature 290 | . 290 Average Temperature 91 | . 91 Received Heat Transfer 420 | . 420 Effects 1 | . 1 Energy Bleed 1 | . 1 Siege Activations . | . . Robots Corrupted . | . . Combat Hostiles . | . . Parts Fried . | . . Impact Corruptions . | . . Robots Melted . | . . Combat Hostiles . | . . Parts Melted 5 | . 5 Heat Transferred 1123 | . 1123 Parts Sabotaged . | . . Parts Stolen . | . . Parts Stripped . | . . Power Chain Reactions 1 | . 1 Missiles Intercepted . | . . Alert | -11 -10 ------- Run | Scr Mat Peak Influence 197 | . 197 Initial . | . . Average 58 | . 63 Maximum Alert Level . | . . Low Security (%) 100 | 100 100 Level 1 . | . . Level 2 . | . . Level 3 . | . . Level 4 . | . . Level 5 . | . . High Security . | . . Max Security . | . . Squads Dispatched 4 | . 4 Investigation 4 | . 4 Extermination . | . . Reinforcement . | . . Assault . | . . Garrison . | . . Intercept . | . . Construction Impeded . | . . Haulers Reinforced . | . . Stealth | -11 -10 --------- Run | Scr Mat Distress Signals 1 | . 1 Communications Jammed . | . . Distress Signals . | . . Times Spotted 22 | . 22 Peak Tracking Total 5 | . 5 Tactical Retreats 7 | . 7 Traps | -11 -10 ------- Run | Scr Mat Traps Triggered 2 | . 2 Indirectly . | . . Trap Hack Attempts . | . . Triggered . | . . Disarmed . | . . Reprogrammed . | . . Reused . | . . Traps Extracted . | . . Installed . | . . Triggered . | . . Machines | -11 -10 ---------- Run | Scr Mat Machines Disabled 1 | . 1 Max in Single Turn 1 | . 1 Machines Sabotaged . | . . Garrisons Compromised . | . . Overloaded Fab Kills . | . . Fab Network Shutdowns . | . . Hacking | -11 -10 --------- Run | Scr Mat Machines Accessed 5 | . 5 Terminals 4 | . 4 Fabricators . | . . Repair Stations . | . . Recycling Units 1 | . 1 Scanalyzers . | . . Garrison Access . | . . Total Hacks 15 | . 15 Successful 11 | . 11 Failed 4 | . 4 Catastrophic . | . . Database Lockouts . | . . Manual . | . . Terminals 14 | . 14 Fabricators . | . . Repair Stations . | . . Recycling Units 1 | . 1 Scanalyzers . | . . Garrison Access . | . . Terminal Hacks 10 | . 10 Record 4 | . 4 Prototype ID Bank 1 | . 1 Alert Level 1 | . 1 Locate Traps 1 | . 1 Maintenance Status 1 | . 1 Hauler Manifests 1 | . 1 Zone Layout 1 | . 1 Fabricator Hacks . | . . Repair Station Hacks . | . . Recycling Unit Hacks 1 | . 1 Report Inventory 1 | . 1 Scanalyzer . | . . Garrison Access Hacks . | . . Unauthorized Hacks . | . . Terminals . | . . Fabricators . | . . Repair Stations . | . . Recycling Units . | . . Scanalyzers . | . . Garrison Access . | . . Data Cores Recovered . | . . Used . | . . Hacking Detections 4 | . 4 Full Trace Events 2 | . 2 Feedback Events . | . . Feedback Blocked . | . . Robot Schematics Acquired . | . . Robots Built . | . . Matter . | . . Time . | . . Total Robot Build Rating . | . . Part Schematics Acquired . | . . Parts Built . | . . Matter . | . . Time . | . . Total Part Build Rating . | . . Parts Repaired . | . . Time . | . . Parts Recycled . | . . Recycled Matter . | . . Retrieved Matter . | . . Retrieved Components . | . . Parts Scanalyzed . | . . Part Schematics Acquired . | . . Parts Damaged . | . . Bothacking | -11 -10 ------------ Run | Scr Mat Used RIF Installer . | . . Robots Hacked 4 | . 4 Non-combat 2 | . 2 Combat 2 | . 2 Robot Hacks Applied 5 | . 5 parse_system 3 | . 3 no_distress 1 | . 1 find_recycling 1 | . 1 Relay Couplers Released . | . . Robots Rewired . | . . Allies Hacked . | . . Hacks Repelled . | . . Allies | -11 -10 -------- Run | Scr Mat Total Allies . | . . Largest Group . | . . Highest-Rated Group . | . . Highest-Rated Ally . | . . Total Orders . | . . Ally Attacks . | . . Total Damage . | . . Kills . | . . Allies Corrupted . | . . Allies Melted . | . . Intel | -11 -10 ------- Run | Scr Mat Robot Analysis Total . | . . Derelict Logs Recovered . | . . Drone Launches . | . . Drone Recoveries . | . . Exploration | -11 -10 ------------- Run | Scr Mat Turns Passed 1097 | 86 1011 Spaces Moved 500 | 51 449 Core 9 | 9 . Treads 491 | 42 449 Legs . | . . Wheels . | . . Hover . | . . Flight . | . . Fastest Speed 50 | 50 160 Average Speed 174 | 144 177 Slowest Speed 220 | 160 220 Overloaded Moves . | . . Propulsion Burnouts . | . . Robots Hopped . | . . Cave-ins Triggered . | . . Exploration Rate (%) 29 | 4 54 Regions Visited 1 Branch Regions . Pre-discovered Areas . | . . Known Exits Taken . | . . Unknown Exits Taken 1 | 1 . Scrap Searched . | . . Spaces Dug . | . . Terrain Destroyed 3 | . 3 Melee . | . . Projectile . | . . AOE 3 | . 3 Terrain Rammed . | . . Walls Destroyed . | . . Machines Disabled . | . . Actions | -11 -10 --------- Run | Scr Mat Total 630 | 60 570 Wait 12 | . 12 Move 499 | 50 449 Hop . | . . Pick Up 19 | 4 15 Fast Attach 9 | 6 3 Attach 4 | . 4 Detach . | . . Swap 6 | . 6 Drop 3 | . 3 Fire 64 | . 64 Melee 10 | . 10 Ram 1 | . 1 Kick . | . . Crush 3 | . 3 Escape Stasis . | . . Rewire . | . . Trap . | . . Miscellaneous . | . . Route ------- -11/Scrapyard -10/Materials (discovered 3 exits: [*Mat x2] / [*Min]) History --------- Turn | Location | Event 9 | -11/Scrapyard | Discovered new exit (range 15) 87 | -11/Scrapyard | Entered Materials 184 | -10/Materials | Discovered new exit (range 10) 236 | -10/Materials | Core integrity fell below 50% 309 | -10/Materials | Build established: Mutant 611 | -10/Materials | Discovered new exit (range 6) 951 | -10/Materials | Build established: Hauler-Mutant 1079 | -10/Materials | Core integrity fell below 20% 1081 | -10/Materials | Discovered new exit (range 5) 1098 | -10/Materials | Destroyed by G-34 Mercenary with Small Laser Last Messages --------------- 01068_ ALERT: Alarm triggered, dispatching investigation squad. 01069_ K-01 Serf collects debris. 01076_ Sml. Laser destroyed. 01077_ K-01 Serf collects debris. 01078_ Med. Laser destroyed. 01080_ K-01 Serf collects debris. 01081_ U-05 Engineer lays Concrete. 01081_ Slammed into G-34 Mercenary. 01081_ EXIT=FOUND 01082_ U-05 Engineer lays Concrete. 01083_ Slammed into G-34 Mercenary. 01083_ U-05 Engineer lays Concrete. 01086_ Lgt. Treads destroyed. 01086_ U-05 Engineer lays Concrete. 01089_ Slammed into G-34 Mercenary. 01089_ U-05 Engineer lays Concrete. 01090_ Lgt. Treads destroyed. 01091_ Slammed into G-34 Mercenary. 01096_ Lgt. Nuclear Core destroyed. Map ----- +----------------------------------------------------+ | # #####?????????????????????????????????????? | | ### ######????????????????????????????????????? | | ####?# #????????????????????????????????????? | | #????# #????????????????????????????????????? | | #????# #????????????????????????????????????? | | ##???# #????????????????????????????????????? | | #???# #????????????? ?????????????????????? | | #???# #???????????? #????????????????????? | | #???# #???????????? #????????????????????? | | #???# #???????????? ????????????????????? | | ##### #???????????+ #????????????????????? | | #???????????# #????????????????????? | | #???????????# #????????????????????? | | "" "" %#???????????# #????????????????????? | | "" Y" #???????????# #????????????????????? | | "" "" ############# #????????????????????? | | = u #????????????????????? | | %! +????????????????????? | | """ """ * #????????????????????? | | """ """ #????????????????????? | | """ """ #????????????????????? | | #????????????????????? | | *=#########%g #????????????????????? | | ###+#########+########?# % #????????????????????? | | ## #%%% #?#% #????????????????????? | | ## """ """ # T """ #?#@ #????????????????????? | | # """ """ # """ #?#g< #????????????????????? | | # """ """ # """ #?# #????????????????????? | | + """ """ # #?#####????????????????????? | | # """ """ # * #??????????????????????????? | | ### # #??????????????????????????? | | ??# #[ #??????????????????????????? | | ??#####################??????????????????????????? | | | | | | | | | | | | | | | | | | | | | | | | | | | | | | | | | | | +----------------------------------------------------+ Best States ------------- Heat Dissipation 25 Energy Generation 14 Energy Capacity 250 Matter Stores 300 Matter Capacity 300 Sight Range 16 Terrain Scan Density 10 Armor Coverage 150 Evasion (%) 40 Recoil Reduction 2 Item Schematics ----------------- None Robot Schematics ------------------ None Fabricated ------------ Nothing Alien Tech Used ----------------- None Achievements -------------- None Challenges ------------ None Game ------ Seed ReinforcedSuspensionCutter Manual? 0 Play Time 00:14:14 Cumulative 3.6 hours Start 2021.04.06 @ 19:20:32 End 2021.04.06 @ 19:32:54 Sessions 1 Manual Loads 0 Difficulty Rogue Special Mode None Game No. 4 Rogue 4 Adventurer 0 Explorer 0 Win Type - Total 0 Types 0/0/0/0/0/0/0/0/0 Lore% 1 Gallery% 7 Achievement% 7 Wizard Run 0 Options --------- ASCII 0 Keyboard 0 Movement Numpad Keybinds 0 Fullscreen 1 Font 16/Terminus Map View 50x54 Tactical HUD 1 Map Filters NONE Filters NONE Steam 1 RUN: 312fc11b-adf8-4a97-8e58-ed83ff7dcd22